 Dungeon Crawl Stone Soup version 0.18.1-5-g4a78601 (webtiles) character file.

511 Rattbag the Skirmisher (level 7, -5/91 HPs)
             Began as a Hill Orc Chaos Knight on May 14, 2016.
             Killed by divine providence
             ... invoked by an orc priest
              (15 damage)
             ... on level 7 of the Dungeon.
             The game lasted 00:27:43 (2417 turns).

Rattbag the Skirmisher (Hill Orc Chaos Knight)      Turns: 2417, Time: 00:27:48

Health: -5/91      AC:  7    Str: 21    XL:     7   Next: 19%
Magic:  7/7        EV: 11    Int: 12    God:    Xom [...*..]
Gold:   186        SH:  4    Dex: 11    Spells: 0 memorised, 6 levels left

rFire  . . .     SeeInvis .     x - +0 long sword (holy)
rCold  . . .     Gourm    .     h - +1 ring mail
rNeg   . . .     Faith    .     i - +0 buckler
rPois  .         Spirit   .     (no helmet)
rElec  .         Dismiss  .     (no cloak)
rCorr  .         Reflect  .     (no gloves)
SustAt +         Harm     .     (no boots)
MR     .....                    w - amulet of rage
Stlth  ..........               (no ring)
                                q - ring of sustain attributes

@: berserking, very quick, not resistant to hostile enchantments, extremely
unstealthy
A: deterioration 1
a: Renounce Religion, Convert to Beogh, Evoke Berserk Rage


You were on level 7 of the Dungeon.
You worshipped Xom.
You were a favourite toy of Xom.
You were not hungry.

You visited 1 branch of the dungeon, and saw 7 of its levels.

You collected 186 gold pieces.

Inventory:

Hand Weapons
 a - a +0 falchion of chaos
 x - a +0 long sword of holy wrath (weapon)
Missiles
 f - 2 throwing nets (quivered)
 l - 6 javelins
Armour
 b - a +2 leather armour
 h - a +1 ring mail (worn)
 i - a +0 buckler (worn)
 r - a +0 helmet
Jewellery
 q - a ring of sustain attributes (left hand)
 w - an amulet of rage (around neck)
Wands
 z - a wand of enslavement (4/24)
 A - a wand of iceblast (11/15)
Scrolls
 d - a scroll of teleportation
 e - 2 scrolls of remove curse
 g - 6 scrolls of identify
 j - a scroll of enchant armour
 y - 2 scrolls of amnesia {unknown}
 B - a scroll of noise {unknown}
Potions
 n - a potion of flight {unknown}
 o - 2 potions of agility
 s - a potion of haste
 t - 2 potions of heal wounds {unknown}
 v - 2 potions of curing
Comestibles
 c - 4 bread rations
 k - a royal jelly
 m - a meat ration
 p - 11 fruits
 u - a beef jerky


   Skills:
 + Level 5.2 Fighting
 + Level 4.8 Long Blades
 + Level 0.8 Throwing
 + Level 5.0 Armour
 + Level 2.2 Dodging
 + Level 1.1 Stealth
 + Level 1.6 Shields


You had 6 spell levels left.
You didn't know any spells.

Dungeon Overview and Level Annotations

Branches:
Dungeon (7/15)             Temple (0/1) D:5

Altars:
Ashenzari
Xom

Shops:
D:5 =   D:6 [


Innate Abilities, Weirdness & Mutations

Your body sometimes deteriorates upon taking damage.


Message History

You feel yourself moving faster!
You feel mighty!
The orc priest calls upon Beogh to heal the orc priest.
The orc priest is healed somewhat.
You closely miss the orc priest.
The orc priest calls upon Beogh to heal the orc priest.
The orc priest's wounds heal themselves!
You completely miss the orc priest.
The orc priest casts a cantrip, but nothing happens.
Your ring mail prevents you from hitting the orc priest.
You closely miss the orc priest.
The orc priest threatens, "By the altar or by the axe, you will meet Beogh!"
The orc priest closely misses you.
The helpless orc priest fails to defend itself.
You slice the orc priest!!
You kill the orc priest!
Your Armour skill increases to level 5!
The orc priest mumbles some strange prayers to Beogh against you.
Beogh smites you!
You die...
Xom giggles madly!

###### * #.....# #
###########..###.### #
............##≈..._## #
.........@###....≈≈_## #
.........oo#.≈≈≈.....### #
##########...≈#§_.♣.♣.o### ##
###.._.#♣__.#..oo .#
##..≈.o._###### .##### ##.≈._?##
#
..(..##################.#########
....o.....o......o...............
####o#######......†(......###.###


You could see an orc priest and an orc wizard.

Vanquished Creatures
  A centaur (D:6)
  An orc priest (D:7)
  2 hounds
  2 adders
  2 shadow imps (D:5)
  An ooze (D:4)
  A worm (D:4)
  2 orcs (D:3)
  A bat (shapeshifter) (D:1)
  2 bats (D:3)
  2 giant cockroaches
  4 goblins
  3 hobgoblins
  5 jackals
  7 kobolds
  2 quokkas
  6 giant newts
  A quokka skeleton (D:4)
  12 rats
57 creatures vanquished.

Vanquished Creatures (collateral kills)
  An orc warrior (D:7)
  An ice beast (D:7)
  2 giant frogs (D:7)
  A howler monkey (D:5)
  A crimson imp (D:5)
  A hound (D:7)
  An orc priest (D:7)
  A worker ant (D:7)
  3 gnolls (D:5)
  An adder (D:7)
  3 orcs (D:7)
16 creatures vanquished.

Grand Total: 73 creatures vanquished

Notes
Turn   | Place    | Note
--------------------------------------------------------------
     0 | D:1      | Rattbag the Hill Orc Chaos Knight began the quest for the Orb.
     0 | D:1      | Reached XP level 1. HP: 19/19 MP: 1/1
    31 | D:1      | Reached XP level 2. HP: 22/27 MP: 2/2
   171 | D:1      | XOM: harmless Divn miscast
   577 | D:1      | XOM: give mutation
   577 | D:1      | Gained mutation: Your body sometimes deteriorates upon taking damage. [Xom's mischief]
   775 | D:2      | Reached XP level 3. HP: 33/33 MP: 3/3
   785 | D:2      | Reached skill level 1 in Dodging
   978 | D:3      | XOM: stealth player
  1237 | D:3      | XOM: colour smoke trail
  1315 | D:4      | Found a shattered altar of Ashenzari.
  1334 | D:4      | Reached XP level 4. HP: 40/40 MP: 4/4
  1390 | D:4      | XOM: potion effect (agility)
  1391 | D:4      | Noticed an ogre
  1450 | D:5      | Entered Level 5 of the Dungeon
  1467 | D:5      | Found a staircase to the Ecumenical Temple.
  1582 | D:5      | Reached XP level 5. HP: 31/47 MP: 5/5
  1727 | D:5      | Found Zoshredorph's Jewellery Shop.
  1834 | D:6      | XOM: stealth player
  1834 | D:6      | Found Eneik's Antique Armour Boutique.
  1851 | D:6      | Noticed a centaur
  1862 | D:6      | XOM: summons friendly quasit
  1867 | D:6      | Killed a centaur
  1867 | D:6      | Reached skill level 5 in Fighting
  1867 | D:6      | Reached XP level 6. HP: 25/56 MP: 6/6
  1986 | D:6      | Noticed a two-headed ogre
  1995 | D:6      | XOM: fake destruction
  1997 | D:7      | Noticed an ice beast
  1997 | D:7      | XOM: cast spell 'Summon Hydra'
  2002 | D:7      | Killed an ice beast
  2002 | D:7      | Reached skill level 1 in Stealth
  2016 | D:7      | Found a shimmering altar of Xom.
  2016 | D:7      | Found a shimmering altar of Xom.
  2017 | D:7      | Found a shimmering altar of Xom.
  2017 | D:7      | Found a shimmering altar of Xom.
  2017 | D:7      | Found a shimmering altar of Xom.
  2017 | D:7      | Found a shimmering altar of Xom.
  2017 | D:7      | Found a shimmering altar of Xom.
  2035 | D:7      | XOM: enchant monster (bad)
  2036 | D:7      | Reached skill level 1 in Shields
  2093 | D:7      | Noticed an orc warrior
  2113 | D:7      | Killed an orc warrior
  2113 | D:7      | Reached XP level 7. HP: 8/61 MP: 7/7
  2195 | D:7      | XOM: divination: magic mapping
  2387 | D:7      | Found a shimmering altar of Xom.
  2404 | D:7      | HP: 3/61 [orc priest/divine providence (12)]
  2410 | D:7      | XOM: enchant monster (good)
  2417 | D:7      | Reached skill level 5 in Armour
  2417 | D:7      | Killed from afar by an orc priest

Skill      XL: |  1  2  3  4  5  6  7 |
---------------+----------------------+-----
Fighting       | 4 5 |  5.2
Dodging        | 1 2 |  2.2
Long Blades    | 4 |  4.8
Armour         | 3 4 5 |  5.0
Stealth        | 1 |  1.1
Shields        | 1 |  1.6
Throwing       | |  0.8

Action                   |  1- 3 |  4- 6 |  7- 9 || total
-------------------------+-------+-------+-------++-------
Melee: Falchion          |   120 |     6 |       ||   126
       Long sword        |       |    69 |     8 ||    77
Throw: Javelin           |     3 |       |       ||     3
       Throwing net      |     1 |     1 |       ||     2
 Abil: Evoke Berserk Rag |       |       |     1 ||     1
Evoke: Wand              |       |     1 |     1 ||     2
  Use: Scroll            |     6 |     2 |       ||     8
       Potion            |     1 |       |     1 ||     2
 Stab: Paralysed         |     2 |       |     2 ||     4
       Petrifying        |     1 |       |       ||     1
  Eat: Fruit             |     1 |     2 |       ||     3
       Meat ration       |       |     1 |       ||     1
Armor: Leather armour    |     9 |       |       ||     9
       Ring mail         |    21 |    38 |       ||    59
Dodge: Dodged            |    56 |    51 |     1 ||   108
Block: Buckler           |     4 |    21 |       ||    25
